 Dungeon Sprint DCSS version 0.29-a0-892-g2c4c91d9db (webtiles) character file.

Game seed: 1051804799203992953

1815 rocky1 the Carver (level 8, -5/76 (82) HPs)
             Began as a Minotaur Monk on July 22, 2022.
             Was a High Priest of Okawaru.
             Killed by vampiric draining
             ... invoked by a vampire knight
              (14 damage)
             ... in the Dungeon (Sprint VII: "The Pits").
             The game lasted 00:04:06 (1145 turns).

rocky1 the Carver (Minotaur Monk)                   Turns: 1145, Time: 00:04:07

HP:   -5/76 (82)    AC: 19    Str: 15    XL:     8   Next: 85%
MP:   5/12          EV: 14    Int: 10    God:    Okawaru [*****.]
Gold: 0             SH:  0    Dex: 19    Spells: 7/7 levels left

rFire   . . .      SeeInvis .   p - +2 scimitar of the Empty Page {freeze, rC++}
rCold   + + .      Faith    .   (no shield)
rNeg    . . .      Spirit   .   q - +4 chain mail
rPois   .          Reflect  .   (helmet restricted)
rElec   .          Harm     .   b - +0 cloak
rCorr   .          Rampage  .   (no gloves)
Will    .....      NoTele   +   (no boots)
Stlth   +.........              (no amulet)
HPRegen 0.22/turn               l - +3 ring of dexterity
MPRegen 0.13/turn               n - +3 ring of intelligence

@: lethally poisoned (-5 -> -6), heroic, finesse-ful, drained
A: horns 2, retaliatory headbutt
a: Renounce Religion, Heroism, Finesse


You were in the Dungeon.
You worshipped Okawaru.
Okawaru was extremely pleased with you.
You visited 1 branch

Inventory:

Hand Weapons
 m - a +0 long sword of flaming
 p - the +2 scimitar of the Empty Page (weapon) {freeze, rC++}
   (You found it in the Dungeon)

   It freezes those it strikes, dealing additional cold damage.
   It can also slow down cold-blooded creatures.
   rC:        It greatly protects you from cold.
Armour
 b - a +0 cloak (worn)
 q - a +4 chain mail (worn)
Jewellery
 l - a +3 ring of dexterity (left hand)
 n - a +3 ring of intelligence (right hand)
Scrolls
 i - a scroll of blinking
 k - 5 scrolls of amnesia
Potions
 c - a potion of ambrosia
 d - 9 potions of curing
 e - 10 potions of heal wounds
 f - a potion of haste
 g - 4 potions of magic
 h - 5 potions of berserk rage
 j - 2 potions of invisibility
 o - a potion of might


   Skills:
 + Level 11.1(16.1) Fighting
 + Level 13.8(18.8) Long Blades
 + Level 10.3(15.3) Armour
 + Level 10.1(15.1) Dodging
 - Level 1.5(6.5) Stealth
 + Level 6.7 Invocations


You had 7 spell levels left.
You didn't know any spells.
Your spell library was empty.

Dungeon Overview and Level Annotations

Branches:
Dungeon (1/1)

Altars:
Ashenzari
Cheibriados
Dithmenos
Elyvilon
Fedhas
Gozag
Hepliaklqana
Kikubaaqudgha
Makhleb
Nemelex Xobeh
Okawaru
Qazlal
Ru
Sif Muna
Trog
Uskayaw
Vehumet
Wu Jian
Xom
Yredelemnul
Zin
The Shining One
Jiyva
Lugonu


Innate Abilities, Weirdness & Mutations

You have a pair of horns on your head.
You reflexively headbutt those who attack you in melee.


Message History

The killer bee stings you but does no damage.
You slash the killer bee! You freeze the killer bee.
You kill the killer bee!
Okawaru accepts your kill.
You feel sick.
Your base Fighting skill increases to level 11!
Your base Dodging skill increases to level 10!
You closely miss the killer bee.
You feel sick. The killer bee barely misses you.
You hit the killer bee. You freeze the killer bee. You headbutt the killer bee!
You kill the killer bee!
Okawaru accepts your kill. The killer bee stings you.
You barely miss the killer bee. You slash the killer bee!
You freeze the killer bee.
You kill the killer bee!
Okawaru accepts your kill.
You feel sick.
No target in view!
No target in view!
You slash something! You freeze something. Your headbutt misses something.
You miss something. You headbutt something. You punch something.
You feel sick. Something hits you!!
You feel drained. Something barely misses you.
You hit something but do no damage. You hit something but do no damage.
You feel sick.
You hit something but do no damage. Something barely misses you.
Something bites you.
Something draws strength from your injuries!
You hit something but do no damage. You slash something! You freeze something.
You feel sick.
You hear some strange, mumbled words.
You slash something! You freeze something. You headbutt something.
You slash something! You headbutt something. Something hits you!
* * * LOW HITPOINT WARNING * * *
You feel drained.
* * * LOW HITPOINT WARNING * * *
Something completely misses you.
You closely miss something.
You feel sick.
You hit something but do no damage. Something draws life force from you!
You die...

..#.#####'#####''######
###.##.......##''#####
..#.##.......##......#
..†.##.......##....###
######...<...##...## +
)))[##.......##..## .#
)))[##.......##..# .#
######.......##.†#..#
.#..###########.@{..+
.#)############.†#..#
.#.#....#..[[##..# .#
.#)#....#..[[##÷.## .#
.#))....'..))##...## +
.#÷#....#..))##....###
.'.#....#...)##......#
######################


There were no monsters in sight!

Vanquished Creatures
  A jumping spider (D)
  An air elemental (D)
  A flying skull (D)
  Sigmund (D)
  A basilisk (D)
  A water moccasin (D)
  An orc warrior (D)
  A floating eye (D)
  A phantom (D)
  3 wights (D)
  6 killer bees (D)
  2 orc priests (D)
  Crazy Yiuf (D)
  An iguana (D)
  An orc wizard (D)
  A hell rat (D)
  A gnoll (D)
  A river rat (D)
  2 white imps (D)
  2 ufetubi (D)
  A worm (D)
  6 orcs (D)
  2 ball pythons (D)
  An endoplasm (D)
  A goblin (D)
  2 ball python zombies (D)
  A rat (D)
44 creatures vanquished.

Notes
Turn   | Place    | Note
-------+----------+-------------------------------------------
     0 | D        | rocky1 the Minotaur Monk began the quest for the Orb.
     0 | D        | Reached XP level 1. HP: 19/19 MP: 0/0
    14 | D        | Reached skill level 4 in Long Blades
    18 | D        | Found a bloodstained altar of Trog.
    18 | D        | Found a shimmering blue altar of Sif Muna.
    18 | D        | Found a viscous altar of Jiyva.
    18 | D        | Found a hazy altar of Hepliaklqana.
    18 | D        | Found an opulent altar of Gozag.
    19 | D        | Found a glowing golden altar of the Shining One.
    19 | D        | Found a glowing silver altar of Zin.
    19 | D        | Found a basalt altar of Yredelemnul.
    19 | D        | Found a shimmering altar of Xom.
    19 | D        | Found an ornate altar of the Wu Jian Council.
    19 | D        | Found a sacrificial altar of Ru.
    19 | D        | Found a stormy altar of Qazlal.
    19 | D        | Found an iron altar of Okawaru.
    19 | D        | Found a sparkling altar of Nemelex Xobeh.
    19 | D        | Found a burning altar of Makhleb.
    19 | D        | Found a blossoming altar of Fedhas.
    19 | D        | Found a white marble altar of Elyvilon.
    19 | D        | Found a shadowy altar of Dithmenos.
    19 | D        | Found a snail-covered altar of Cheibriados.
    22 | D        | Found a corrupted altar of Lugonu.
    22 | D        | Found a radiant altar of Vehumet.
    23 | D        | Found an ancient bone altar of Kikubaaqudgha.
    23 | D        | Found a hide-covered altar of Uskayaw.
    23 | D        | Found a broken altar of Ashenzari.
    27 | D        | Became a worshipper of Warmaster Okawaru
    27 | D        | Reached * piety under Okawaru
    27 | D        | Reached ** piety under Okawaru
    65 | D        | Noticed a floating eye
    68 | D        | Killed a floating eye
    69 | D        | Reached skill level 7 in Long Blades
    69 | D        | Reached skill level 5 in Dodging
    69 | D        | Reached XP level 2. HP: 28/30 MP: 1/1
    69 | D        | Reached XP level 3. HP: 35/37 MP: 2/2
    69 | D        | Reached XP level 4. HP: 42/44 MP: 3/3
    83 | D        | Reached *** piety under Okawaru
   168 | D        | Reached skill level 8 in Long Blades
   235 | D        | Noticed a flying skull
   235 | D        | Noticed a water moccasin
   245 | D        | Reached skill level 5 in Armour
   245 | D        | Reached XP level 5. HP: 43/51 MP: 3/5
   255 | D        | Reached skill level 9 in Long Blades
   271 | D        | Killed a water moccasin
   272 | D        | Reached skill level 10 in Long Blades
   272 | D        | Reached XP level 6. HP: 61/61 MP: 5/7
   274 | D        | Killed a flying skull
   274 | D        | Reached **** piety under Okawaru
   275 | D        | Reached skill level 11 in Long Blades
   275 | D        | Reached XP level 7. HP: 69/69 MP: 5/9
   433 | D        | Reached skill level 12 in Long Blades
   436 | D        | Noticed Sigmund
   436 | D        | Noticed Crazy Yiuf
   438 | D        | Killed Crazy Yiuf
   444 | D        | Killed Sigmund
   578 | D        | Reached skill level 5 in Invocations
   588 | D        | Reached XP level 8. HP: 44/79 MP: 8/10
   620 | D        | Got the +2 scimitar of the Empty Page {freeze, rC++}
   801 | D        | Noticed a jumping spider
   808 | D        | Reached skill level 10 in Fighting
   808 | D        | Reached skill level 13 in Long Blades
   822 | D        | Noticed an air elemental
   822 | D        | Paralysed by an air elemental for 1 turns
   825 | D        | Paralysed by an air elemental for 1 turns
   826 | D        | Paralysed by an air elemental for 1 turns
   829 | D        | Paralysed by an air elemental for 1 turns
   830 | D        | Paralysed by an air elemental for 1 turns
   834 | D        | Killed an air elemental
   834 | D        | Reached ***** piety under Okawaru
   881 | D        | Killed a jumping spider
  1112 | D        | Noticed a vampire knight
  1117 | D        | Reached skill level 10 in Armour
  1131 | D        | Reached skill level 10 in Dodging
  1145 | D        | Killed from afar by a vampire knight

Illustrated notes

Levels and vault maps discovered:
D:        pitsprint [storerooms_1, entrance_room_1, metal_vault_6, armoury_1,
          mini_pit_1, grid_room_1, main_hall_1, silver_pit, the_coven_1,
          the_vestibule_1, steel_vault_1, golden_pit, hallway_of_sentries,
          crystal_vault_4, iron_vault_1, final_vault]

Skill      XL: |  1  2  3  4  5  6  7  8 |
---------------+-------------------------+-----
Long Blades    | 7 8 10 11 12 13 | 13.8
Fighting       | 6 8 9 11 | 11.1
Armour         | 4 5 6 7 8 10 | 10.3
Dodging        | 5 6 7 8 10 | 10.1
Invocations    | 2 3 4 5 6 |  6.7
Stealth        | |  1.5

Action                   |  1- 3 |  4- 6 |  7- 9 || total
-------------------------+-------+-------+-------++-------
Melee: Falchion          |     4 |    16 |       ||    20
       Long sword        |       |    31 |    52 ||    83
       Headbutt          |       |     7 |    26 ||    33
       Punch             |       |       |     3 ||     3
       Scimitar          |       |       |    50 ||    50
Invok: Heroism           |       |       |     5 ||     5
       Finesse           |       |       |     1 ||     1
  Use: Potion            |       |     3 |       ||     3
Armor: Chain mail        |       |    13 |    48 ||    61
       Robe              |       |     1 |       ||     1
Dodge: Dodged            |     2 |    18 |    61 ||    81

Table legend: (Time is in decaauts)
 A = Elapsed time spent in this place.
 B = Non-inter-level travel time spent in this place.
 C = Inter-level travel time spent in this place.
 D = Time resting spent in this place.
 E = Time spent auto-exploring this place.
 F = Levels seen in this place.
 G = Mean time per level.
                   A        B        C        D        E       F      G
               +--------+--------+--------+--------+--------+-----+--------+
         Total |   1110 |   1047 |     63 |    601 |      0 |   1 | 1110.0 |
       Dungeon |   1110 |   1047 |     63 |    601 |      0 |   1 | 1110.0 |
               +--------+--------+--------+--------+--------+-----+--------+

Top non-repeatable levels by time:
       D: 1110 daAuts
